 Dungeon Crawl Stone Soup version 0.24-a0-459-g225fefd530 (webtiles) character file.

Game seed: 1228489332156263399

750103 CookieEater the Slayer (level 27, -2/202 HPs)
             Began as a Gargoyle Earth Elementalist on June 29, 2019.
             Was the Champion of Vehumet.
             Killed by a greater mummy's death curse (30 damage)
             ... on level 23 of a ziggurat on June 30, 2019.
             The game lasted 04:07:50 (79423 turns).

CookieEater the Slayer (GrEE)                      Turns: 79423, Time: 04:07:51

Health: -2/202     AC: 43    Str: 23      XL:     27
Magic:  22/57      EV: 16    Int: 37      God:    Vehumet [******]
Gold:   7429       SH:  0    Dex:  5 (10) Spells: 8/68 levels left

rFire    + + +     SeeInvis +   J - +18 lance "Wyrmbane" {slay drac, rPois rF+ rC+ AC+3}
rCold    + + .     Gourm    +   (no shield)
rNeg     + + .     Faith    .   t - +2 robe {rC+ rF+}
rPois    ∞         Spirit   .   i - +1 hat of Distant Shores {*Slow Str+6 Stlth+}
rElec    +         Reflect  .   A - +2 cloak "Etekac" {rF+ Regen+ Stlth+}
rCorr    .         Harm     .   h - +2 pair of gloves {Str+3}
MR       +++..                  p - +2 pair of boots
Stlth    +++.......             D - amulet of the gourmand
HPRegen  0.83/turn              r - ring "Sillohegh" {rN+ MR+ MP+9 Int+6}
MPRegen  0.35/turn              a - ring of Xom's Best Wishes {Int+4 SInv}

@: flying, very slightly contaminated, studying 2 skills, lightly drained
A: antennae 1, big wings, molten scales 1, thin metallic scales 1, negative
energy resistance 1, robust 1, electricity resistance, unbreathing,
petrification resistance, rot immunity, AC +20
}: 4/15 runes: decaying, serpentine, slimy, silver
a: Stop Flying, Renounce Religion


You were on level 23 of a ziggurat.
You worshipped Vehumet.
Vehumet was exalted by your worship.
You were not hungry.

You visited 11 branches of the dungeon, and saw 53 of its levels.
You visited 1 ziggurat, and saw 23 of its levels.
You also visited: Ossuary, Gauntlet, Ice Cave, Wizlab and Desolation.

You collected 14107 gold pieces.
You spent 6678 gold pieces at shops.

Inventory:

Hand Weapons
 J - the +18 lance "Wyrmbane" (weapon) {slay drac, rPois rF+ rC+ AC+3}
   (You found it on level 3 of the Elven Halls)

   It affects your AC (+3).
   It protects you from fire.
   It protects you from cold.
   It protects you from poison.
Missiles
 g - 10 throwing nets
 O - 202 silver javelins (quivered)
Armour
 h - a +2 pair of gloves of strength (worn)
 i - the +1 hat of Distant Shores (worn) {*Slow Str+6 Stlth+}
   (You found it on level 3 of the Elven Halls)

   It affects your strength (+6).
   It may slow you when you take damage.
   It makes you more stealthy.
 p - a +2 pair of boots (worn)
 t - a +2 robe of resistance (worn)
 A - the +2 cloak "Etekac" (worn) {rF+ Regen+ Stlth+}
   (You found it in a Gauntlet)

   It protects you from fire.
   It increases your rate of regeneration.
   It makes you more stealthy.
 K - a scarf of cloud immunity
Magical Staves
 l - an uncursed staff of wizardry
 X - an uncursed staff of energy
Jewellery
 a - the ring of Xom's Best Wishes (right hand) {Int+4 SInv}
   (You found it on level 11 of a ziggurat)

   [ring of see invisible]

   It affects your intelligence (+4).
   It lets you see invisible.
 j - an uncursed ring of resist corrosion
 r - the ring "Sillohegh" (left hand) {rN+ MR+ MP+9 Int+6}
   (You bought it in a shop on level 1 of the Vaults)

   [ring of magical power]

   It affects your intelligence (+6).
   It protects you from negative energy.
   It affects your resistance to hostile enchantments.
   It affects your magic capacity (+9).
 v - the ring "Ymyn" {+Fly Int+7}
   (You found it on level 9 of a ziggurat)

   [ring of flight]

   It affects your intelligence (+7).
   It lets you fly.
 w - the ring "Zudegial" {+Inv rElec Str-3 Dex+2 Stlth+}
   (You found it on level 13 of a ziggurat)

   [ring of dexterity]

   It affects your strength (-3).
   It affects your dexterity (+2).
   It insulates you from electricity.
   It lets you turn invisible.
   It makes you more stealthy.
 D - an amulet of the gourmand (around neck)
 G - the ring "Jupaatem" {Wiz rElec MP+9}
   (You found it on level 22 of a ziggurat)

   [ring of wizardry]

   It improves your spell success rate.
   It insulates you from electricity.
   It affects your magic capacity (+9).
 V - the amulet "Nithig" {*Slow +Rage Int+9}
   (You found it on level 14 of a ziggurat)

   [amulet of rage]

   It affects your intelligence (+9).
   It lets you go berserk.
   It may slow you when you take damage.
Wands
 b - a wand of disintegration (46)
 s - a wand of iceblast (58)
 P - a wand of clouds (6)
 T - a wand of acid (31)
 U - a wand of scattershot (3)
Scrolls
 f - 8 scrolls of identify
 k - 22 scrolls of remove curse
 u - 5 scrolls of blinking
 y - 2 scrolls of magic mapping
 z - 2 scrolls of summoning
 F - 34 scrolls of teleportation
 N - 18 scrolls of fog
 R - a scroll of fear
 W - 10 scrolls of amnesia
Potions
 c - 3 potions of haste
 e - 2 potions of agility
 m - 5 potions of resistance
 q - 17 potions of curing
 x - 6 potions of ambrosia
 C - 14 potions of might
 E - 4 potions of cancellation
 H - 6 potions of heal wounds
 L - 7 potions of mutation
 S - 7 potions of berserk rage
 Y - 2 potions of invisibility
 Z - 5 potions of magic
Books
 o - a manual of Polearms
 B - a manual of Bows
Miscellaneous
 I - 5 boxes of beasts
 M - 3 phantom mirrors
 Q - a fan of gales
Comestibles
 d - 79 rations


   Skills:
 + Level 22.1(21.7) Fighting
   Level 16.0(15.6) Maces & Flails
 - Level 12.0(11.6) Polearms
 - Level 6.0(5.7) Armour
 + Level 18.0(17.6) Dodging
 - Level 2.1(1.9) Stealth
 + Level 21.1(20.7) Spellcasting
 - Level 15.0(14.6) Conjurations
 - Level 0.7(0.4) Transmutations
 - Level 22.0(21.5) Fire Magic
 + Level 15.6(15.2) Ice Magic
 - Level 22.0(21.5) Earth Magic
 - Level 6.0(5.7) Evocations


You had 8 spell levels left.
You knew the following spells:

 Your Spells              Type           Power        Failure   Level  Hunger
a - Shatter               Erth           ########..   3%          9    #####..
b - Stone Arrow           Conj/Erth      ######       0%          3    None
c - Lee's Rapid Deconstr  Erth           ########..   0%          5    None
d - Iron Shot             Conj/Erth      ########..   1%          6    None
e - Glaciate              Conj/Ice       #######...   36%         9    #####..
f - Bolt of Fire          Conj/Fire      ########..   1%          6    None
g - Irradiate             Conj/Tmut      #######...   1%          5    None
h - Ignition              Fire           ########..   1%          8    ###....
i - Fire Storm            Conj/Fire      ########..   12%         9    #####..

Your spell library contained the following spells:

 Spells                   Type           Power        Failure   Level  Hunger
 Lehudib's Crystal Spear  Conj/Erth      ########..   1%          8    ###....
 Flame Tongue             Conj/Fire      #####        0%          1    None
 Freeze                   Ice            ####         0%          1    None
 Magic Dart               Conj           ####         0%          1    None
 Sandblast                Erth           ######       0%          1    None
 Passwall                 Tmut/Erth      #######.     0%          2    None
 Searing Ray              Conj           ######       0%          2    None
 Throw Flame              Conj/Fire      ######       0%          2    None
 Throw Frost              Conj/Ice       ######       0%          2    None
 Conjure Flame            Conj/Fire      ########     0%          3    None
 Iskenderun's Mystic Bla  Conj           #######.     0%          4    None
 Sticky Flame             Conj/Fire      ########     0%          4    None
 Throw Icicle             Conj/Ice       #######.     0%          4    None
 Bolt of Magma            Conj/Fire/Erth ########..   0%          5    None
 Fireball                 Conj/Fire      ########..   0%          5    None
 Animate Skeleton         Necr           N/A          1%          1    None
 Apportation              Tloc           #####.       1%          1    None
 Beastly Appendage        Tmut           #####.       1%          1    None
 Confusing Touch          Hex            #####.       1%          1    None
 Corona                   Hex            #####..      1%          1    None
 Infusion                 Chrm           ####         1%          1    None
 Pain                     Necr           ####         1%          1    None
 Shock                    Conj/Air       ####         1%          1    None
 Sting                    Conj/Pois      ####         1%          1    None
 Summon Butterflies       Summ           #####...     1%          1    None
 Summon Small Mammal      Summ           ####         1%          1    None
 Blink                    Tloc           N/A          1%          2    None
 Call Imp                 Summ           #####...     1%          2    None
 Corpse Rot               Necr           N/A          1%          2    None
 Ensorcelled Hibernation  Hex/Ice        ######       1%          2    None
 Poisonous Vapours        Pois/Air       #####.       1%          2    None
 Shroud of Golubria       Chrm/Tloc      #####.       1%          2    None
 Slow                     Hex            #####...     1%          2    None
 Song of Slaying          Chrm           #####...     1%          2    None
 Sticks to Snakes         Tmut           #####...     1%          2    None
 Swiftness                Chrm/Air       #####...     1%          2    None
 Dazzling Spray           Conj/Hex       ######       1%          3    None
 Inner Flame              Hex/Fire       #######.     1%          3    None
 Mephitic Cloud           Conj/Pois/Air  ######..     1%          3    None
 Ozocubu's Armour         Chrm/Ice       #######.     1%          3    None
 Spider Form              Tmut/Pois      #####.....   1%          3    None
 Static Discharge         Conj/Air       #######.     1%          3    None
 Airstrike                Air            #####.....   1%          4    None
 Force Lance              Conj/Tloc      #######.     1%          4    None
 Fulminant Prism          Conj/Hex       #######...   1%          4    None
 Ice Form                 Ice/Tmut       #######.     1%          4    None
 Leda's Liquefaction      Hex/Erth       #######...   1%          4    None
 Olgreb's Toxic Radiance  Pois           #####...     1%          4    None
 Petrify                  Tmut/Erth      #######.     1%          4    None
 Summon Ice Beast         Ice/Summ       #######.     1%          4    None
 Borgnjor's Vile Clutch   Necr/Erth      #######...   1%          5    None
 Iskenderun's Battlesphe  Conj/Chrm      #######.     1%          5    None
 Lightning Bolt           Conj/Air       #######...   1%          5    None
 Metabolic Englaciation   Hex/Ice        #######...   1%          5    None
 Venom Bolt               Conj/Pois      #######...   1%          5    None
 Bolt of Cold             Conj/Ice       #######...   1%          6    None
 Conjure Ball Lightning   Conj/Air       #######...   1%          6    None
 Freezing Cloud           Conj/Ice/Air   #######...   1%          6    None
 Ozocubu's Refrigeration  Ice            ########..   1%          6    None
 Poison Arrow             Conj/Pois      #######...   1%          6    None
 Orb of Destruction       Conj           #######...   1%          7    None
 Call Canine Familiar     Summ           #####...     2%          3    None
 Confuse                  Hex            #####...     2%          3    None
 Gell's Gravitas          Tloc           #####.....   2%          3    None
 Lesser Beckoning         Tloc           #####.....   2%          3    None
 Portal Projectile        Hex/Tloc       #####.       2%          3    None
 Recall                   Summ/Tloc      N/A          2%          3    None
 Regeneration             Chrm/Necr      #####.....   2%          3    None
 Spectral Weapon          Hex/Chrm       #####...     2%          3    None
 Summon Guardian Golem    Hex/Summ       #####...     2%          3    None
 Teleport Other           Tloc           #####...     2%          3    None
 Tukima's Dance           Hex            #####...     2%          3    None
 Vampiric Draining        Necr           #####.....   2%          3    None
 Simulacrum               Ice/Necr       #######...   4%          6    None
 Yara's Violent Unravell  Hex/Tmut       #####.....   5%          5    None
 Animate Dead             Necr           N/A          7%          4    None
 Cause Fear               Hex            #####.....   7%          4    None
 Passage of Golubria      Tloc           N/A          7%          4    None
 Summon Lightning Spire   Summ/Air       #####...     7%          4    None
 Ring of Flames           Chrm/Fire      #######...   8%          7    None
 Spellforged Servitor     Conj/Summ      #######...   9%          7    None
 Blade Hands              Tmut           #####.....   17%         5    None
 Aura of Abjuration       Summ           #####.....   21%         5    None
 Excruciating Wounds      Chrm/Necr      #####.....   21%         5    None
 Silence                  Hex/Air        #####.....   21%         5    None
 Summon Forest            Summ/Tloc      #####.....   21%         5    None
 Summon Mana Viper        Hex/Summ       #####...     21%         5    None
 Chain Lightning          Conj/Air       #######...   50%         8    ###....
 Hydra Form               Tmut           #####.....   67%         6    None
 Darkness                 Hex            #####.....   73%         6    None
 Death Channel            Necr           #####.....   73%         6    None
 Deflect Missiles         Chrm/Air       #####.....   73%         6    None
 Dispersal                Tloc           #####.....   73%         6    None
 Invisibility             Hex            #####...     73%         6    None
 Shadow Creatures         Summ           N/A          73%         6    None
 Dragon Form              Tmut           #####.....   99%         7    None
 Summon Hydra             Summ           #####.....   99%         7    None
 Discord                  Hex            #####.....   100%        8    ###....
 Disjunction              Tloc           #####.....   100%        8    ###....
 Dragon's Call            Summ           #####.....   100%        9    #####..
 Statue Form              Tmut/Erth      Unusable     N/A         6    N/A

Dungeon Overview and Level Annotations

Branches:
Dungeon (15/15)            Temple (1/1) D:6            Lair (6/6) D:11
  Swamp (4/4) Lair:2        Snake (4/4) Lair:3        Slime (5/5) Lair:5
    Orc (2/2) D:9             Elf (3/3) Orc:2        Vaults (5/5) D:14
  Crypt (3/3) Vaults:2       Tomb (0/3) Crypt:3      Depths (5/5) D:15
    Zot (0/5) Depths:5

Altars:
Ashenzari
Cheibriados
Dithmenos
Elyvilon
Fedhas
Gozag
Hepliaklqana
Makhleb
Nemelex Xobeh
Okawaru
Qazlal
Ru
Sif Muna
Trog
Uskayaw
Vehumet
Wu Jian
Xom
Yredelemnul
The Shining One
Beogh
Jiyva

Shops:
D:5 !   D:6 *   D:7 [=}%=   D:9 %   D:11 [   D:12 !   D:13 [   Orc:2 %((}
Elf:2 %?%%   Elf:3 :   Snake:3 *   Vaults:1 =*[   Vaults:2 *%*(:
Depths:1 }=}*   Depths:4 :=*%   Depths:5 ?

Portals:
Hell: Depths:1 Depths:2 Depths:3 Depths:4 Depths:5
Abyss: Depths:1 Depths:4
Pandemonium: Depths:3

Annotations:
D:13 2 transporters, exclusion: orange crystal statue, Azrael
Lair:1 exclusion: 3 oklob plants
Lair:2 3 runed translucent doors, btonasse's ghost, journeyman DgNe
Elf:2 3 runed translucent doors
Crypt:3 exclusion: 3 doors


Innate Abilities, Weirdness & Mutations

You are resistant to torment.
Your stone body is resilient. (AC +20)
You are immune to poison.
Your large and strong wings let you fly indefinitely.
You resist negative energy. (rN+)
You are resistant to electric shocks. (rElec)
You can survive without breathing.
You are immune to petrification.
You are immune to rotting.
You have a pair of small antennae on your head.
You are partially covered in molten scales. (AC +2)
You are partially covered in thin metallic scales. (AC +2)
You are robust. (+10% HP)


Message History

Vehumet accepts your kill.
You feel your power returning.
You destroy the mummy priest!
Vehumet accepts your kill.
You feel your power returning.
You destroy the mummy!
Vehumet accepts your kill.
You feel your power returning.
You destroy the ushabti!
Vehumet accepts your kill.
You feel your power returning.
You destroy the mummy!
Vehumet accepts your kill.
The greater mummy is moderately damaged.
Ka-crash!
You feel extremely nervous for a moment...
You are engulfed in negative energy!
You partially resist.
You feel drained.
You feel extremely nervous for a moment...
You convulse helplessly as pain tears through your body!
You die...

▓ ▓▓▓▓▓▓▓.▓▓
▓▓▓▓.........
▓▓▓............
▓▓..............
▓▓...............
▓▓..@..#..........
▓▓.................
▓▓........#.........
▓▓........#..........
▓........#...........
▓▓....................
▓.....................
▓.........Z.M.......M.M
▓......................


You could see a greater mummy and a storm dragon zombie.

Vanquished Creatures
  the Royal Jelly (Slime:5)
  Dissolution (Slime:4)
  Mara (Swamp:4)
  6 juggernauts
  5 ancient liches
  Boris (thrice) (Crypt:1 Crypt:2 Depths:4)
  12 greater mummies (Zig:23)
  6 shard shrikes (Zig:19)
  Bai Suzhen (Vaults:2)
  Margery (Vaults:5)
  5 caustic shrikes
  Saint Roka (Elf:3)
  4 golden dragons
  A profane servitor (Zig:14)
  6 pearl dragons (Zig:20)
  A doom hound (Zig:7)
  2 hellephants (Zig:18)
  4 electric golems (Zig:21)
  9 liches
  Jorgrun (D:13)
  3 Ice Fiends (Zig:19)
  A tentacled monstrosity (Depths:3)
  The ghost of firegrace the Hoplite, an adept GrBe of Trog (Elf:3)
  3 iron giants (Zig:16)
  2 deep elf blademasters (Elf:3)
  Asterion (Vaults:2)
  2 deep elf master archers (Elf:3)
  21 titans
  4 quicksilver dragons
  17 acid blobs
  4 sphinxes
  3 thorn hunters (Swamp:3)
  10 shadow dragons
  15 ancient champions
  Roxanne (Swamp:2)
  9 storm dragons
  10 nagarajas
  Donald (Snake:3)
  9 tengu reavers
  3 revenants
  17 fire giants
  2 iron dragons (Vaults:5)
  11 azure jellies
  7 daevas
  2 deep elf sorcerers
  A ghost moth (Zig:6)
  14 frost giants
  Louise (Snake:2)
  5 orc warlords
  An emperor scorpion (Zig:6)
  5 imperial myrmidons (Desolation)
  21 vault wardens
  7 ghouls
  6 draconian knights
  4 curse skulls
  A draconian shifter (Depths:5)
  6 angels (Zig:20)
  4 deep elf elementalists (Elf:3)
  A spriggan defender (Depths:5)
  2 entropy weavers
  6 ophanim (Zig:20)
  A reaper (Crypt:3)
  28 stone giants
  22 very ugly things
  22 ironheart preservers
  6 deep elf demonologists
  4 bennus (Zig:23)
  7 apis (Zig:20)
  A black draconian (Depths:5)
  10 vampire knights
  4 green draconians
  A white draconian (Depths:5)
  3 spark wasps
  5 dire elephants
  8 deep elf annihilators
  A red draconian (Zig:2)
  A yellow draconian (Depths:5)
  A minotaur (Gauntlet)
  2 halazid warlocks (Desolation)
  5 blizzard demons
  11 deep elf death magi
  7 eidola
  4 merfolk impalers (Zig:22)
  9 ettins
  3 fire dragons
  9 merfolk javelineers (Zig:22)
  8 mummy priests (Zig:23)
  3 deep elf high priests (Elf:3)
  18 yaktaur captains
  Josephine (Swamp:1)
  A crystal guardian (Desolation)
  2 green deaths (Swamp:4)
  14 death oozes
  4 ragged hierophants (Desolation)
  13 great orbs of eyes
  15 jiangshi
  31 hydras
  Erolcha (D:13)
  15 naga warriors
  22 ice dragons
  31 vault guards
  7 servants of whispers (Desolation)
  3 shambling mangroves (Swamp:3)
  2 rakshasas
  2 ghost crabs
  18 anacondas
  2 peacekeepers (Desolation)
  2 catoblepae
  2 hell beasts
  A merfolk avatar (Zig:22)
  8 merfolk aquamancers (Zig:22)
  An alligator (shapeshifter) (Vaults:5)
  4 death knights
  12 dancing weapons
  4 centaur warriors
  9 spriggan air magi
  17 alligators
  2 deep troll shamans
  34 two-headed ogres
  A queen ant (Lair:2)
  5 tengu warriors
  16 vampire magi
  A satyr (Zig:22)
  14 ogre magi
  A titan zombie (Crypt:2)
  6 deep troll earth magi
  4 spriggan berserkers
  A thrashing horror (Zig:11)
  10 orc high priests
  2 soul eaters
  6 death yaks
  18 naga sharpshooters
  20 deep elf knights
  Sonja (Orc:1)
  3 small abominations
  12 shock serpents
  A shock serpent (shapeshifter) (Zig:17)
  A sun demon (Zig:11)
  3 hell knights (Vaults:5)
  A fire crab (Lair:5)
  3 wretched stars (Zig:11)
  4 salamander mystics
  A golden dragon zombie (Zig:10)
  35 skeletal warriors
  2 titan skeletons
  A fire crab (shapeshifter) (Vaults:4)
  An iron troll (Depths:4)
  A storm dragon skeleton (Zig:10)
  3 glowing orange brains
  6 shadow wraiths
  A spark wasp zombie (Zig:10)
  6 sea snakes
  2 starcursed masses (Zig:11)
  3 unseen horrors
  13 flayed ghosts
  2 wizards
  An unseen horror (shapeshifter) (Depths:1)
  19 deep trolls
  9 naga ritualists
  10 swamp dragons
  10 cherubim (Zig:20)
  18 deep elf archers
  A ghost moth zombie (Crypt:1)
  A spriggan druid (Swamp:3)
  2 obsidian statues
  A wolf spider zombie (D:15)
  5 lindwurms
  8 necromancers
  16 harpies
  7 phantasmal warriors
  A sphinx zombie (Zig:7)
  A lindwurm (shapeshifter) (Zig:17)
  14 mana vipers
  Pikel (D:9)
  4 orange crystal statues
  An orb spider (Zig:6)
  7 shining eyes
  28 ugly things
  78 deep elf magi
  21 orc knights
  11 cyclopes
  9 large abominations
  2 wolf spiders
  2 fire giant zombies
  4 oklob plants
  12 orc sorcerers
  32 ironbrand convokers
  8 manticores
  3 frost giant zombies
  An anaconda skeleton (Crypt:2)
  2 shining eyes (shapeshifter) (Vaults:3)
  2 salamanders
  2 tengu skeletons
  18 elephants
  Maurice (D:8)
  An elephant (shapeshifter) (Zig:15)
  A shadow dragon skeleton (Zig:10)
  6 moths of wrath
  A guardian serpent (shapeshifter) (Zig:17)
  15 guardian serpents
  2 rust devils
  3 frost giant skeletons
  4 merfolk sirens (Zig:22)
  A molten gargoyle (Desolation)
  9 water nymphs (Zig:22)
  32 black mambas
  19 vault sentinels
  23 naga magi
  7 ice statues
  An alligator snapping turtle zombie (Crypt:2)
  4 gargoyles
  4 eyes of devastation
  2 smoke demons
  2 dire elephant skeletons
  2 centaur skeletons
  2 orange demons (Swamp:4)
  A torpor snail (shapeshifter) (Depths:3)
  A spiny frog (shapeshifter) (Depths:3)
  3 torpor snails
  31 spiny frogs
  An efreet (D:15)
  An elf zombie (Zig:23)
  10 rime drakes
  5 spectral swamp worms (Depths:3)
  2 tormentors (Zig:10)
  A yaktaur (shapeshifter) (Depths:2)
  A kobold demonologist (Depths:1)
  10 komodo dragons
  4 anaconda simulacra
  50 yaktaurs
  15 freezing wraiths
  5 ice devils (Zig:19)
  A golden dragon simulacrum (IceCv)
  A red devil (Depths:1)
  3 tengu conjurers (Depths:3)
  A green draconian skeleton (Crypt:1)
  3 human skeletons
  A hellwing (Depths:5)
  A jumping spider (Vaults:4)
  2 spriggan skeletons
  3 yaktaur skeletons (Vaults:2)
  A jumping spider (shapeshifter) (Elf:3)
  3 meliai (Lair:4)
  3 meliai (shapeshifter)
  31 merfolk (Zig:22)
  11 trolls
  A tyrant leech (shapeshifter) (Vaults:3)
  14 guardian mummies
  5 raiju
  A polar bear (Lair:6)
  12 tyrant leeches
  A wind drake (Zig:22)
  4 snapping turtles (Zig:22)
  A queen bee (Lair:4)
  85 slime creatures
  19 hornets
  26 blink frogs
  16 bog bodies
  40 saltlings (Desolation)
  A slime creature (shapeshifter) (Zig:15)
  A fire dragon zombie (Depths:1)
  6 dream sheep
  19 hippogriffs
  A sphinx simulacrum (Zig:19)
  5 flying skulls (Zig:23)
  6 redbacks
  A ynoxinul (Gauntlet)
  16 shadows
  A tarantella (shapeshifter) (Vaults:4)
  2 yaks (shapeshifter)
  A centaur simulacrum (D:15)
  11 wyverns
  7 spriggans
  A spriggan (shapeshifter) (Vaults:5)
  17 water elementals
  11 air elementals
  A tarantella (Vaults:4)
  15 wraiths
  2 dire elephant simulacra (IceCv)
  6 ushabtiu (Zig:23)
  37 yaks
  3 vampires (WizLab)
  A human (D:9)
  A black mamba skeleton (Crypt:3)
  6 basilisks
  3 chaos spawn (Zig:11)
  A golden eye (shapeshifter) (Depths:3)
  A neqoxec (Zig:11)
  A steam dragon (D:11)
  2 hungry ghosts
  2 hogs (D:9)
  An elf skeleton (Zig:10)
  An elf simulacrum (Zig:19)
  15 vampire mosquitoes
  8 wargs
  3 acid dragons
  32 nagas
  A torturous demonspawn zombie (Crypt:2)
  9 soldier ants
  A naga (shapeshifter) (Vaults:3)
  2 hydra simulacra (IceCv)
  12 insubstantial wisps
  14 swamp worms
  A floating eye (Zig:5)
  5 two-headed ogre zombies (WizLab)
  A floating eye (shapeshifter) (D:15)
  A spiny frog zombie (Crypt:1)
  Duvessa (D:4)
  12 porcupines
  29 water moccasins
  64 orc warriors
  6 swamp drakes
  An ettin simulacrum (IceCv)
  A black bear (D:10)
  10 ice beasts
  A slave (D:9)
  A snapping turtle zombie (Crypt:2)
  4 eyes of draining
  6 sky beasts
  An eye of draining (shapeshifter) (Depths:1)
  5 centaurs
  8 phantoms
  35 ogres
  15 wolves
  10 boggarts
  A centaur (shapeshifter) (Depths:3)
  A necrophage (Crypt:1)
  A tengu (shapeshifter) (D:14)
  23 crocodiles
  3 big kobolds
  A human zombie (Vaults:1)
  A merfolk simulacrum (Crypt:1)
  16 bullfrogs
  Dowan (D:4)
  3 earth elementals
  A glowing shapeshifter simulacrum (Vaults:3)
  A warg zombie (Crypt:1)
  4 scorpions
  10 troll zombies (WizLab)
  2 spriggan zombies
  13 wights
  A snapping turtle simulacrum (Crypt:1)
  27 killer bees
  A troll skeleton (Crypt:3)
  4 howler monkeys
  6 electric eels
  8 crimson imps
  12 hounds
  8 jellies
  2 yaktaur simulacra
  4 centaur zombies
  A bullfrog zombie (D:9)
  28 orc priests
  2 iron imps (Gauntlet)
  34 orc wizards
  2 iguanas
  18 worker ants
  A killer bee zombie (D:9)
  A big kobold zombie (Ossuary)
  8 ogre zombies (WizLab)
  An acid dragon zombie (Crypt:3)
  A dwarf zombie (Crypt:1)
  A hound skeleton (D:4)
  37 mummies
  11 adders
  3 gnolls (D:2)
  A howler monkey skeleton (Crypt:3)
  11 shadow imps
  4 white imps
  An ufetubus (Depths:3)
  An ooze (D:7)
  2 adder skeletons
  A worm (D:4)
  A dart slug (shapeshifter) (Depths:1)
  4 dart slugs
  3 leopard geckos
  100 orcs
  4 bats
  A bat skeleton (Crypt:2)
  5 giant cockroaches
  2 gnoll zombies (Ossuary)
  5 goblins
  5 hobgoblins
  3 jackals (D:3)
  6 quokkas
  A dart slug zombie (Crypt:2)
  6 frilled lizards
  A gnoll skeleton (Crypt:1)
  2 hobgoblin zombies (Ossuary)
  15 kobolds
  2 kobold zombies (Ossuary)
  A leopard gecko skeleton (D:4)
  An orc skeleton (Crypt:2)
  An orc zombie (Ossuary)
  A quokka skeleton (D:7)
  6 rats
  A river rat skeleton (Crypt:2)
  A block of ice (Zig:21)
  A crawling corpse (Elf:1)
  16 fire vortices
  4 plants
2985 creatures vanquished.

Vanquished Creatures (collateral kills)
  An electric golem (Zig:21)
  An apis (Zig:20)
  A merfolk javelineer (Zig:22)
  A cherub (Zig:20)
  A water elemental (Zig:22)
5 creatures vanquished.

Vanquished Creatures (others)
  A storm dragon (Zig:21)
  A spriggan air mage (Zig:21)
  A merfolk aquamancer (Zig:1)
  A tengu warrior (D:13)
  A deep elf knight (Vaults:4)
  An ugly thing (Depths:2)
  2 saltlings (Desolation)
  A swamp worm (Swamp:2)
  3 slaves (D:9)
  A boggart (Depths:4)
  3 orcs (D:9)
  A block of ice (Zig:21)
  66 fire vortices
  21 fungi
  35 plants
139 creatures vanquished.

Grand Total: 3129 creatures vanquished

Notes
Turn   | Place    | Note
-------+----------+-------------------------------------------
     0 | D:1      | CookieEater the Gargoyle Earth Elementalist began the quest
                  | for the Orb.
     0 | D:1      | Reached XP level 1. HP: 10/10 MP: 3/3
   388 | D:1      | Reached XP level 2. HP: 10/15 MP: 5/5
  1133 | D:2      | Reached XP level 3. HP: 18/19 MP: 6/6
  1143 | D:2      | Learned a level 3 spell: Stone Arrow
  1288 | D:2      | Reached skill level 1 in Conjurations
  1289 | D:2      | Reached XP level 4. HP: 9/24 MP: 1/8
  2144 | D:3      | Found a hide-covered altar of Uskayaw.
  2167 | D:3      | Reached skill level 5 in Earth Magic
  2408 | D:3      | Reached XP level 5. HP: 24/28 MP: 4/10
  2415 | D:3      | Learned a level 5 spell: Lee's Rapid Deconstruction
  2915 | D:4      | Noticed Duvessa
  2930 | D:4      | Killed Duvessa
  2930 | D:4      | Reached XP level 6. HP: 28/32 MP: 2/11
  2964 | D:4      | Noticed Dowan
  2969 | D:4      | Killed Dowan
  3280 | D:4      | Reached XP level 7. HP: 13/36 MP: 1/13
  3588 | D:4      | Found an opulent altar of Gozag.
  3999 | D:4      | Found a shadowy altar of Dithmenos.
  4398 | D:5      | Entered Level 5 of the Dungeon
  4425 | D:5      | Found an ornate altar of the Wu Jian Council.
  4563 | D:5      | You fall into a shaft and drop 1 floor!
  4572 | D:6      | Reached skill level 1 in Fighting
  4572 | D:6      | Reached skill level 1 in Maces & Flails
  4572 | D:6      | Reached skill level 1 in Armour
  4605 | D:6      | Reached skill level 1 in Evocations
  4605 | D:6      | Reached XP level 8. HP: 30/43 MP: 9/15
  4758 | D:6      | Reached skill level 5 in Spellcasting
  4882 | D:6      | Found a staircase to the Ecumenical Temple.
  4893 | Temple   | Entered the Ecumenical Temple
  4934 | D:6      | Found a sand-covered staircase.
  4935 | D:6      | Found a sparkling altar of Nemelex Xobeh.
  4943 | Ossuary  | Entered an ossuary
  5328 | Ossuary  | Reached skill level 5 in Conjurations
  5753 | D:6      | Found Huutruja's General Store.
  5761 | D:6      | Bought a scroll of identify for 24 gold pieces
  5827 | D:6      | Found a shimmering altar of Xom.
  5983 | D:5      | Found Saduemom's Distillery.
  5991 | D:5      | Reached XP level 9. HP: 49/49 MP: 12/16
  5998 | D:5      | Bought a potion of heal wounds for 75 gold pieces
  5998 | D:5      | Bought a potion of degeneration for 15 gold pieces
  5998 | D:5      | Bought a potion of invisibility for 120 gold pieces
  6001 | D:5      | Bought a potion of ambrosia for 120 gold pieces
  6001 | D:5      | Bought a potion of curing for 45 gold pieces
  7019 | D:7      | Found Fanouh's Antique Armour Boutique.
  7046 | D:7      | Found Bun Fijanno's Gadget Emporium.
  7174 | D:7      | Found Namp's Jewellery Emporium.
  7196 | D:7      | Found a snail-covered altar of Cheibriados.
  7236 | D:7      | Found a basalt altar of Yredelemnul.
  7237 | D:7      | Found an iron altar of Okawaru.
  7238 | D:7      | Found a burning altar of Makhleb.
  7500 | Temple   | Became a worshipper of Vehumet
  7669 | D:7      | Found Xamom's Jewellery Shop.
  7735 | D:7      | Noticed an orc sorcerer
  7736 | D:7      | Noticed an orc sorcerer
  7740 | D:7      | Noticed an orc sorcerer
  7783 | D:7      | Killed an orc sorcerer
  7793 | D:7      | Killed an orc sorcerer
  7935 | D:7      | Reached XP level 10. HP: 56/56 MP: 15/18
  7940 | D:7      | Killed an orc sorcerer
  8295 | D:7      | Found Namorryl's Food Shoppe.
  8903 | D:8      | Noticed Maurice
  8928 | D:8      | Killed Maurice
  9145 | D:8      | Reached * piety under Vehumet
  9145 | D:8      | Offered knowledge of Shock by Vehumet.
  9332 | D:8      | Found a stormy altar of Qazlal.
  9423 | D:8      | Reached skill level 5 in Armour
  9616 | D:9      | Reached skill level 5 in Fighting
 10097 | D:9      | Learned a level 3 spell: Mephitic Cloud
 10142 | D:9      | Noticed Pikel
 10155 | D:9      | Killed Pikel
 10249 | D:9      | Reached XP level 11. HP: 61/64 MP: 10/20
 10250 | D:9      | Reached skill level 5 in Maces & Flails
 10477 | D:9      | Found Zuraemuq's Food Shop.
 10527 | D:9      | Offered knowledge of Throw Frost by Vehumet.
 10529 | D:9      | Reached ** piety under Vehumet
 10976 | D:9      | Found a staircase to the Orcish Mines.
 11228 | D:10     | Entered Level 10 of the Dungeon
 11269 | D:10     | Offered knowledge of Searing Ray by Vehumet.
 11272 | D:10     | Killed an unseen horror
 11272 | D:10     | Reached skill level 5 in Evocations
 11588 | D:10     | Reached *** piety under Vehumet
 12086 | D:10     | Reached skill level 5 in Dodging
 12174 | D:10     | Noticed a two-headed ogre
 12186 | D:10     | Killed a two-headed ogre
 12671 | D:11     | Found a staircase to the Lair.
 12671 | D:11     | Noticed a death yak
 12702 | D:11     | Killed a death yak
 12716 | D:11     | Offered knowledge of Sticky Flame by Vehumet.
 13195 | D:11     | Noticed a two-headed ogre
 13217 | D:11     | Killed a two-headed ogre
 13264 | D:11     | Noticed a manticore
 13282 | D:11     | Reached skill level 10 in Earth Magic
 13282 | D:11     | Reached XP level 12. HP: 68/71 MP: 14/23
 13595 | D:11     | Found Avyukimo's Armour Boutique.
 13598 | D:11     | Bought a scarf of cloud immunity for 91 gold pieces
 14036 | D:12     | Reached **** piety under Vehumet
 14095 | D:12     | Found a deep blue altar of Sif Muna.
 14735 | D:12     | Found Dufroypp's Distillery.
 14747 | D:12     | Bought a potion of flight for 51 gold pieces
 14747 | D:12     | Bought a potion of curing for 51 gold pieces
 14747 | D:12     | Bought a potion of heal wounds for 85 gold pieces
 14747 | D:12     | Bought a potion of heal wounds for 85 gold pieces
 14747 | D:12     | Bought a potion of curing for 51 gold pieces
 14826 | D:12     | Offered knowledge of Iskenderun's Mystic Blast by Vehumet.
 16216 | D:13     | Noticed Erolcha
 16217 | D:13     | Noticed Jorgrun
 16222 | D:13     | Killed Erolcha
 16358 | D:13     | Found a transporter.
 16358 | D:13     | Noticed a tengu warrior
 16358 | D:13     | Noticed an ogre mage
 16358 | D:13     | Noticed Azrael
 16358 | D:13     | Noticed a rakshasa
 17058 | D:13     | Reached XP level 13. HP: 78/78 MP: 11/25
 17095 | D:13     | Killed Jorgrun
 17306 | D:13     | Found Wobao's Armour Boutique.
 17395 | D:13     | Reached ***** piety under Vehumet
 17396 | D:13     | Offered knowledge of Bolt of Draining by Vehumet.
 17469 | D:13     | Found a transporter.
 17561 | D:13     | Learned a level 5 spell: Bolt of Draining
 17910 | D:14     | Found a gate leading to a gauntlet.
 17918 | Gauntlet | Entered a Gauntlet
 17918 | Gauntlet | Found a transporter.
 17918 | Gauntlet | Found a transporter.
 17936 | Gauntlet | Found a transporter.
 17940 | Gauntlet | Found a transporter.
 17952 | Gauntlet | Found a transporter.
 17960 | Gauntlet | Found a transporter.
 17976 | Gauntlet | Found a transporter.
 17979 | Gauntlet | Noticed a blizzard demon
 17990 | Gauntlet | Found a transporter.
 17994 | Gauntlet | Found a transporter.
 18002 | Gauntlet | Found a transporter.
 18006 | Gauntlet | Found a transporter.
 18191 | Gauntlet | Found a transporter.
 18313 | Gauntlet | Got a bloodstained cloak
 18336 | Gauntlet | Identified the +2 cloak "Etekac" {rF+ Regen+ Stlth+} (You
                  | found it in a Gauntlet)
 18360 | Gauntlet | Identified the +6 swamp dragon scales "Bichic" {rPois MR++
                  | Int+2}
 18360 | Gauntlet | Noticed a minotaur
 18396 | Gauntlet | Killed a minotaur
 18467 | Gauntlet | Learned a level 5 spell: Irradiate
 18505 | Gauntlet | Gained mutation: Your natural rate of healing is unusually
                  | fast. [potion of mutation]
 18505 | Gauntlet | Gained mutation: You are frail. (-10% HP) [potion of
                  | mutation]
 18505 | Gauntlet | Lost mutation: You are frail. (-10% HP) [potion of
                  | mutation]
 18938 | D:14     | Found a white marble altar of Elyvilon.
 19592 | D:14     | Reached skill level 10 in Conjurations
 19808 | D:14     | Identified a scroll of acquirement
 20118 | D:14     | Noticed an ironheart preserver
 20136 | D:14     | Killed an ironheart preserver
 20219 | D:14     | Found a gate to the Vaults.
 20331 | Lair:1   | Entered Level 1 of the Lair of Beasts
 20348 | Lair:1   | Gained mutation: Your large and strong wings let you fly
                  | indefinitely. [Gargoyle growth]
 20348 | Lair:1   | Reached XP level 14. HP: 53/86 MP: 27/27
 21763 | Lair:2   | Found a runed translucent gate.
 21763 | Lair:2   | Found a runed translucent gate.
 21763 | Lair:2   | Found a runed translucent gate.
 21776 | Lair:2   | Noticed btonasse's ghost (journeyman DgNe)
 21784 | Lair:2   | Found a viscous altar of Jiyva.
 21785 | Lair:2   | Found the macabre finger necklace {rN+}
 21997 | Lair:2   | Reached skill level 10 in Fighting
 22413 | Lair:2   | Found a staircase to the Swamp.
 22758 | Lair:3   | Found a radiant altar of Vehumet.
 22989 | Lair:3   | Found a staircase to the Snake Pit.
 23907 | Lair:4   | Reached ****** piety under Vehumet
 23907 | Lair:4   | Offered knowledge of Conjure Ball Lightning by Vehumet.
 24696 | Lair:5   | Learned a level 5 spell: Bolt of Magma
 24704 | Lair:5   | Learned a level 6 spell: Iron Shot
 24760 | Lair:5   | Reached skill level 10 in Spellcasting
 24874 | Lair:5   | Identified the +0 robe "Waetamop" {*Slow rElec rN+++ Dex-4}
                  | (You found it on level 5 of the Lair of Beasts)
 24948 | Lair:5   | Reached skill level 1 in Fire Magic
 24971 | Lair:5   | Found a staircase to the Slime Pits.
 25282 | Lair:5   | Reached XP level 15. HP: 93/93 MP: 19/29
 26044 | Lair:5   | HP: 4/93 [acid (16)]
 26436 | Lair:6   | Entered Level 6 of the Lair of Beasts
 26616 | Lair:6   | Reached skill level 10 in Maces & Flails
 26899 | Lair:6   | Offered knowledge of Bolt of Fire by Vehumet.
 27301 | Lair:6   | Learned a level 6 spell: Bolt of Fire
 28053 | Lair:6   | Reached skill level 5 in Fire Magic
 28857 | Orc:1    | Entered Level 1 of the Orcish Mines
 28857 | Orc:1    | Noticed Sonja
 29200 | Orc:1    | Killed Sonja
 29529 | Orc:2    | Entered Level 2 of the Orcish Mines
 29529 | Orc:2    | Found a staircase to the Elven Halls.
 29713 | Orc:2    | Offered knowledge of Freezing Cloud by Vehumet.
 29907 | Orc:2    | Found a roughly hewn altar of Beogh.
 30348 | Orc:2    | Found Ylla's Gadget Emporium.
 30348 | Orc:2    | Found Illy's Food Emporium.
 30356 | Orc:2    | Reached XP level 16. HP: 76/100 MP: 18/30
 30411 | Orc:2    | Found Unluowew's Antique Weapon Boutique.
 30411 | Orc:2    | Found Gakkocw's Weapon Boutique.
 30653 | D:15     | Entered Level 15 of the Dungeon
 30908 | D:15     | Found a staircase to the Depths.
 31050 | D:15     | Found a shattered altar of Ashenzari.
 31453 | D:15     | Offered knowledge of Poison Arrow by Vehumet.
 31940 | D:15     | Identified the +1 robe of Tyzukhy {rElec rF+ Int+7 Dex-5}
                  | (You found it on level 15 of the Dungeon)
 32373 | Snake:1  | Entered Level 1 of the Snake Pit
 32643 | Snake:1  | Got a heavily jewelled robe
 34840 | Snake:2  | Noticed Louise
 34846 | Snake:2  | Killed Louise
 35172 | Snake:3  | Reached XP level 17. HP: 96/106 MP: 17/32
 35358 | Snake:3  | Identified the +1 robe of the Nightingale {rF- rC+ MR+
                  | Dex+3} (You found it on level 1 of the Snake Pit)
 35578 | Snake:3  | Found a shadowy altar of Dithmenos.
 35722 | Snake:3  | Identified the cursed +3 quarterstaff "Kamase" {venom,
                  | Dex+3}
 35930 | Snake:3  | Found Suddarphe's General Store.
 35971 | Snake:3  | Bought a scroll of identify for 32 gold pieces
 36023 | Snake:3  | Identified the +4 shield "Keomnang" {rElec MR+}
 36023 | Snake:3  | Noticed Donald
 36029 | Snake:3  | Killed Donald
 36383 | Snake:4  | Entered Level 4 of the Snake Pit
 36549 | Swamp:1  | Entered Level 1 of the Swamp
 36647 | Swamp:1  | Found a frozen archway.
 36648 | Swamp:1  | Noticed Josephine
 36656 | IceCv    | Entered an ice cave
 36674 | IceCv    | Offered knowledge of Ozocubu's Refrigeration by Vehumet.
 37259 | IceCv    | Reached skill level 10 in Dodging
 37542 | IceCv    | Identified Foki's Almanac of the Vitriolic Oath
 37771 | Swamp:1  | Killed Josephine
 38888 | Swamp:2  | Offered knowledge of Bolt of Cold by Vehumet.
 38935 | Swamp:2  | Reached skill level 10 in Fire Magic
 39012 | Swamp:2  | Identified Roxanne's Volume of Clay
 39012 | Swamp:2  | Noticed Roxanne
 39190 | Swamp:2  | Killed Roxanne
 39651 | Swamp:3  | Reached XP level 18. HP: 24/113 MP: 15/33
 39702 | Swamp:2  | Gained mutation: Your body sometimes deteriorates upon
                  | taking damage. [mutagenic glow]
 39872 | Swamp:2  | Lost mutation: Your body sometimes deteriorates upon taking
                  | damage. [potion of mutation]
 39872 | Swamp:2  | Lost mutation: Your natural rate of healing is unusually
                  | fast. [potion of mutation]
 39872 | Swamp:2  | Gained mutation: You are weak. (Str -2) [potion of
                  | mutation]
 39872 | Swamp:2  | Gained mutation: You are partially covered in molten
                  | scales. (AC +2) [potion of mutation]
 39881 | Swamp:3  | Reached skill level 15 in Earth Magic
 39914 | Swamp:2  | Gained mutation: Armour fits poorly on your strangely
                  | shaped body. [mutagenic glow]
 40805 | Swamp:3  | Offered knowledge of Lehudib's Crystal Spear by Vehumet.
 40805 | Swamp:3  | Offered knowledge of Shatter by Vehumet.
 40805 | Swamp:3  | Offered knowledge of Ignition by Vehumet.
 40821 | Swamp:3  | Learned a level 8 spell: Ignition
 40977 | Swamp:4  | Entered Level 4 of the Swamp
 41279 | Swamp:4  | Noticed Mara
 41295 | Swamp:4  | Noticed CookieEater's illusion
 41300 | Swamp:4  | Killed Mara
 41341 | Swamp:3  | Gained mutation: Your spells are a little easier to cast,
                  | but a little less powerful. [mutagenic glow]
 43412 | Swamp:4  | Got a decaying rune of Zot
 44241 | Snake:4  | Reached XP level 19. HP: 80/118 MP: 36/36
 44998 | Snake:4  | Got a serpentine rune of Zot
 45406 | Vaults:1 | Entered Level 1 of the Vaults
 45406 | Vaults:1 | Found a shimmering altar of Xom.
 45540 | Vaults:1 | Found Zoleng's Assorted Antiques.
 45548 | Vaults:1 | Bought a scroll of identify for 74 gold pieces
 45548 | Vaults:1 | Bought a scroll of enchant weapon for 277 gold pieces
 45548 | Vaults:1 | Bought a scroll of teleportation for 111 gold pieces
 45548 | Vaults:1 | Bought a scroll of identify for 74 gold pieces
 46046 | Vaults:1 | Found Tuniaz's Jewellery Shop.
 46063 | Vaults:1 | Bought the ring "Sillohegh" {rN+ MR+ MP+9 Int+6} for 988
                  | gold pieces
 47183 | Vaults:1 | Reached XP level 20. HP: 97/124 MP: 38/38
 47424 | Vaults:1 | Found Neit's Antique Armour Emporium.
 47666 | Vaults:2 | Noticed Bai Suzhen
 47813 | Vaults:2 | Found a magical portal.
 47820 | WizLab   | Entered Zonguldrok's Shrine
 48331 | WizLab   | Noticed an antique lich
 48337 | WizLab   | Killed an antique lich
 48447 | WizLab   | Found the +9 sword of Zonguldrok {reap}
 48496 | WizLab   | Lost mutation: You are weak. (Str -2) [potion of mutation]
 48496 | WizLab   | Lost mutation: Armour fits poorly on your strangely shaped
                  | body. [potion of mutation]
 48496 | WizLab   | Lost mutation: Your spells are a little easier to cast, but
                  | a little less powerful. [potion of mutation]
 48496 | WizLab   | Gained mutation: You have a somewhat thin skeletal
                  | structure. (Dex +2, Stealth) [potion of mutation]
 48496 | WizLab   | Gained mutation: You are partially covered in thin metallic
                  | scales. (AC +2) [potion of mutation]
 48496 | WizLab   | Gained mutation: Your muscles are strong. (Str +2) [potion
                  | of mutation]
 48496 | WizLab   | Gained mutation: You are robust. (+10% HP) [potion of
                  | mutation]
 48583 | Vaults:2 | Found Bagaqud's Book Shoppe.
 48624 | Vaults:2 | Found Mythryub's Weapon Shop.
 48671 | Vaults:2 | Noticed Asterion
 48699 | Vaults:2 | Killed Asterion
 49019 | Vaults:2 | Found Ostios's Assorted Antiques.
 49138 | Vaults:2 | Bought a potion of might for 144 gold pieces
 49138 | Vaults:2 | Bought a wand of acid (11) for 288 gold pieces
 49197 | Vaults:2 | Found Dehuj's Assorted Antiques.
 49205 | Vaults:2 | Bought a potion of haste for 280 gold pieces
 49205 | Vaults:2 | Bought a leatherbound book for 420 gold pieces
 49205 | Vaults:2 | Bought a potion of brilliance for 112 gold pieces
 49205 | Vaults:2 | Bought a potion of cancellation for 224 gold pieces
 49218 | Vaults:2 | Found Nizonlaor's Food Boutique.
 49532 | Vaults:2 | Killed Bai Suzhen
 49841 | Vaults:2 | Found a staircase to the Crypt.
 50150 | Vaults:3 | Found a ruined gateway.
 50161 | Desolati | Entered the Desolation of Salt
 50216 | Desolati | Reached skill level 15 in Fire Magic
 50634 | Desolati | Got a brightly glowing amber ring
 50665 | Desolati | Got a brightly glowing steel ring
 50667 | Desolati | Got a transparent bronze ring
 50668 | Desolati | Identified the ring "Lauffuba" {EV+3 Int+5} (You found it
                  | in the Desolation of Salt)
 50669 | Desolati | Identified the ring "Paj Wosch" {rC+ Int+3 Slay+2} (You
                  | found it in the Desolation of Salt)
 50670 | Desolati | Identified the ring "Molaas" {rElec rPois Str+2 Dex-3
                  | Stlth-} (You found it in the Desolation of Salt)
 50682 | Desolati | Identified the Grimoire of Captivating Arcane Weapons
 50906 | Desolati | Reached XP level 21. HP: 119/144 MP: 39/39
 50952 | Desolati | Got a warped pewter ring
 51067 | Desolati | Identified the Incunabulum of Boosting Dislocation
 51076 | Desolati | Identified the +6 mace "Laenlun" {crush, rPois Str+3 Int+4
                  | Dex-3} (You found it in the Desolation of Salt)
 51132 | Desolati | Identified Sif Muna's Guide on Creative Stones
 52408 | Vaults:3 | Gained mutation: Your body sometimes deteriorates upon
                  | taking damage. [a shining eye]
 52410 | Vaults:3 | Reached skill level 15 in Spellcasting
 52465 | Vaults:3 | Identified the ring "Foutzeuh" {Fire rN++ MR- Dex+3} (You
                  | found it in the Desolation of Salt)
 54255 | Vaults:4 | Reached XP level 22. HP: 147/151 MP: 41/41
 54286 | Vaults:4 | Reached skill level 15 in Conjurations
 54967 | Elf:1    | Entered Level 1 of the Elven Halls
 55193 | Elf:1    | Identified the Handbook of the Escort
 55975 | Elf:2    | Found Eggappymm's Food Shoppe.
 56131 | Elf:2    | Found a runed translucent gate.
 56132 | Elf:2    | Found a runed translucent gate.
 56146 | Elf:2    | Found a runed translucent gate.
 56294 | Elf:2    | Found Sawut's Food Shoppe.
 56361 | Elf:2    | Found Unuhohin's Food Shoppe.
 56447 | Elf:2    | Found Ajais's Magic Scroll Boutique.
 56462 | Elf:2    | Bought a scroll of magic mapping for 59 gold pieces
 56462 | Elf:2    | Bought a scroll of identify for 34 gold pieces
 56462 | Elf:2    | Bought a scroll of identify for 34 gold pieces
 56703 | Elf:3    | Entered Level 3 of the Elven Halls
 56854 | Elf:3    | Found Yrollimi's Book Shoppe.
 56893 | Elf:3    | Found a deep blue altar of Sif Muna.
 57076 | Elf:3    | Noticed Saint Roka
 57081 | Elf:3    | Killed Saint Roka
 57081 | Elf:3    | Reached skill level 15 in Fighting
 57536 | Elf:3    | Found a runed translucent gate.
 57536 | Elf:3    | Found a runed translucent gate.
 57536 | Elf:3    | Found a runed translucent gate.
 57544 | Elf:3    | Noticed firegrace's ghost (adept GrBe)
 57556 | Elf:3    | Killed firegrace's ghost
 57770 | Elf:3    | Identified the +1 hat of Distant Shores {*Slow Str+6
                  | Stlth+} (You found it on level 3 of the Elven Halls)
 57931 | Elf:3    | Reached XP level 23. HP: 126/158 MP: 42/42
 58060 | Elf:3    | Found the +9 staff of Olgreb {rPois}
 58069 | Elf:3    | Found the +8 lance "Wyrmbane" {slay drac, rPois rF+ rC+
                  | AC+3}
 58671 | D:15     | Learned a level 9 spell: Shatter
 58965 | Vaults:5 | Entered Level 5 of the Vaults
 58980 | Vaults:5 | Noticed a golden dragon
 59260 | Vaults:5 | Noticed Margery
 59263 | Vaults:5 | Killed Margery
 59265 | Vaults:5 | Killed a golden dragon
 59270 | Vaults:5 | Noticed a golden dragon
 59496 | Vaults:5 | Reached XP level 24. HP: 133/167 MP: 43/43
 59499 | Vaults:5 | Reached skill level 15 in Maces & Flails
 59799 | Vaults:5 | Identified the ring "Waogiorao" {rN+ Int+2 Stlth+}
 60372 | Vaults:5 | Got a glittering iron ring
 60373 | Vaults:5 | Identified the ring "Ijast" {rC+ Stlth+} (You found it on
                  | level 5 of the Vaults)
 60684 | Vaults:5 | Identified Okleas's Disquisition on Mutagenic Feathers
 60981 | Vaults:5 | Got a silver rune of Zot
 61239 | Crypt:1  | Entered Level 1 of the Crypt
 61483 | Crypt:1  | Noticed Boris
 61502 | Crypt:1  | Reached skill level 1 in Polearms
 61525 | Crypt:1  | Killed Boris
 62383 | Crypt:2  | Identified the +1 robe of Prudence {MR+}
 63085 | Crypt:2  | Noticed Boris
 63100 | Crypt:2  | Killed Boris
 63100 | Crypt:2  | Reached XP level 25. HP: 152/174 MP: 17/43
 63635 | Crypt:3  | Entered Level 3 of the Crypt
 64811 | Crypt:3  | Found a staircase to the Tomb.
 64947 | Crypt:3  | Noticed an ancient lich
 64952 | Crypt:3  | Killed an ancient lich
 65117 | Crypt:3  | Identified Coithrota's Volume of Enchanting Moulding
 65122 | Crypt:3  | Identified the Disquisition on Dusty Snow
 65719 | Elf:3    | Bought a book of Annihilations for 1324 gold pieces
 66036 | Depths:1 | Entered Level 1 of the Depths
 66675 | Depths:1 | Found Ykaig's Island Escapes.
 66683 | Depths:1 | Bought a scroll of teleportation for 69 gold pieces
 66683 | Depths:1 | Bought a scroll of teleportation for 69 gold pieces
 66683 | Depths:1 | Bought a potion of invisibility for 184 gold pieces
 66683 | Depths:1 | Bought a scroll of fog for 46 gold pieces
 66683 | Depths:1 | Bought a scroll of fog for 46 gold pieces
 66838 | Depths:1 | Found a one-way gate to the infinite horrors of the Abyss.
 67016 | Depths:1 | Found a gateway to Hell.
 67123 | Depths:1 | Found Ikasm's Gadget Boutique.
 67123 | Depths:1 | Found Leps's Jewellery Shoppe.
 67124 | Depths:1 | Found Osuschyxu's Gadget Boutique.
 67704 | Depths:2 | Reached skill level 5 in Polearms
 68410 | Depths:3 | Found a shimmering altar of Xom.
 68605 | Depths:3 | Reached XP level 26. HP: 182/182 MP: 29/44
 69552 | Depths:3 | Found a one-way gate leading to the halls of Pandemonium.
 70412 | Depths:4 | Noticed Boris
 70419 | Depths:4 | Killed Boris
 70867 | Depths:4 | Found Wog Vino's Food Shop.
 70867 | Depths:4 | Found Funigewn's Book Boutique.
 70880 | Depths:4 | Found Uttocw's Assorted Antiques.
 70882 | Depths:4 | Found Didoimeaq's Jewellery Boutique.
 70885 | Depths:4 | Bought a pair of bloodstained boots for 304 gold pieces
 70885 | Depths:4 | Identified the cursed +0 pair of boots "Lafybba" {*Contam
                  | rElec rPois Stlth+} (You bought it in a shop on level 4 of
                  | the Depths)
 71115 | Depths:4 | Identified the +7 shortbow of Dishonour {venom, Int+2}
 71280 | Depths:4 | Found a glowing golden altar of the Shining One.
 71578 | Depths:4 | Found a gateway to a ziggurat.
 71819 | Depths:5 | Entered Level 5 of the Depths
 72304 | Depths:5 | Noticed a juggernaut
 72314 | Depths:5 | Killed a juggernaut
 72432 | Depths:5 | Found a gate to the Realm of Zot.
 72823 | Depths:5 | Found Pishyvyu's Magic Scroll Shoppe.
 72825 | Depths:5 | Bought a scroll of identify for 32 gold pieces
 72825 | Depths:5 | Bought a scroll of identify for 32 gold pieces
 72825 | Depths:5 | Bought a scroll of identify for 32 gold pieces
 72825 | Depths:5 | Bought a scroll of magic mapping for 56 gold pieces
 72825 | Depths:5 | Bought a scroll of holy word for 120 gold pieces
 73242 | Depths:5 | Learned a level 9 spell: Fire Storm
 73591 | Slime:1  | Entered Level 1 of the Pits of Slime
 73902 | Depths:1 | Bought an uncursed ring of resist corrosion for 400 gold
                  | pieces
 74378 | Slime:2  | Reached XP level 27. HP: 190/190 MP: 44/44
 74651 | Slime:2  | Gained mutation: Your magical capacity is low. (-10% MP) [a
                  | shining eye]
 74668 | Slime:2  | Gained mutation: Your body often deteriorates upon taking
                  | damage. [a shining eye]
 74670 | Slime:2  | Gained mutation: You occasionally shout uncontrollably at
                  | your foes. [a shining eye]
 74672 | Slime:2  | Gained mutation: You tend to lose your temper in combat. [a
                  | shining eye]
 74722 | Slime:4  | Noticed Dissolution
 74727 | Slime:4  | Killed Dissolution
 74920 | Slime:4  | Lost mutation: Your muscles are strong. (Str +2) [a shining
                  | eye]
 74932 | Slime:5  | Entered Level 5 of the Pits of Slime
 75188 | Slime:5  | Noticed the Royal Jelly
 75193 | Slime:5  | Killed the Royal Jelly
 75205 | Slime:5  | Gained mutation: You often lose your temper in combat. [a
                  | shining eye]
 75383 | Slime:5  | Got a slimy rune of Zot
 75430 | Slime:5  | Got a sparkling platinum ring
 75431 | Slime:5  | Identified the ring of Surprise {+Blink Dex+2} (You found
                  | it on level 5 of the Pits of Slime)
 75529 | Lair:5   | Lost mutation: Your magical capacity is low. (-10% MP)
                  | [potion of mutation]
 75529 | Lair:5   | Lost mutation: You have a somewhat thin skeletal structure.
                  | (Dex +2, Stealth) [potion of mutation]
 75529 | Lair:5   | Lost mutation: Your body often deteriorates upon taking
                  | damage. [potion of mutation]
 75529 | Lair:5   | Lost mutation: You often lose your temper in combat.
                  | [potion of mutation]
 75529 | Lair:5   | Lost mutation: You occasionally shout uncontrollably at
                  | your foes. [potion of mutation]
 75529 | Lair:5   | Gained mutation: Your muscles are strong. (Str +2) [potion
                  | of mutation]
 75530 | Lair:5   | Lost mutation: You are robust. (+10% HP) [potion of
                  | mutation]
 75530 | Lair:5   | Lost mutation: Your muscles are strong. (Str +2) [potion of
                  | mutation]
 75530 | Lair:5   | Lost mutation: Your body sometimes deteriorates upon taking
                  | damage. [potion of mutation]
 75530 | Lair:5   | Lost mutation: You tend to lose your temper in combat.
                  | [potion of mutation]
 75530 | Lair:5   | Gained mutation: You are robust. (+10% HP) [potion of
                  | mutation]
 75530 | Lair:5   | Gained mutation: You have a pair of small antennae on your
                  | head. [potion of mutation]
 75926 | Depths:4 | Learned a level 9 spell: Glaciate
 75927 | Zig:1    | Entered Level 1 of a ziggurat
 75952 | Zig:2    | Entered Level 2 of a ziggurat
 76029 | Zig:3    | Entered Level 3 of a ziggurat
 76029 | Zig:3    | Noticed a juggernaut
 76034 | Zig:3    | Killed a juggernaut
 76122 | Zig:4    | Entered Level 4 of a ziggurat
 76178 | Zig:5    | Entered Level 5 of a ziggurat
 76217 | Zig:6    | Entered Level 6 of a ziggurat
 76305 | Zig:7    | Entered Level 7 of a ziggurat
 76552 | Zig:8    | Entered Level 8 of a ziggurat
 76557 | Zig:8    | Found the +8 trident of the Octopus King {venom, rElec
                  | rPois MR+}
 76596 | Zig:9    | Entered Level 9 of a ziggurat
 76608 | Zig:9    | Reached skill level 15 in Dodging
 76743 | Zig:9    | Identified Suberphuy's Handbook of Bloodstone
 76748 | Zig:9    | Got an ancient wooden ring
 76749 | Zig:9    | Identified the ring "Ymyn" {+Fly Int+7} (You found it on
                  | level 9 of a ziggurat)
 76774 | Zig:10   | Entered Level 10 of a ziggurat
 76882 | Zig:10   | Got a faintly glowing gossamer ring
 76883 | Zig:10   | Identified the ring of Agifyuf {EV+1 Str+2 Dex-4 Stlth+}
                  | (You found it on level 10 of a ziggurat)
 76917 | Zig:11   | Entered Level 11 of a ziggurat
 76972 | Zig:11   | Got a smoking platinum ring
 76973 | Zig:11   | Identified the ring of Xom's Best Wishes {Int+4 SInv} (You
                  | found it on level 11 of a ziggurat)
 76990 | Zig:11   | Got a fine silver ring
 76991 | Zig:11   | Identified the ring "Lytetyf" {Dex+5 SInv Stlth+} (You
                  | found it on level 11 of a ziggurat)
 76998 | Zig:12   | Entered Level 12 of a ziggurat
 77010 | Zig:12   | Noticed a juggernaut
 77025 | Zig:12   | Reached skill level 10 in Polearms
 77026 | Zig:12   | Killed a juggernaut
 77260 | Zig:12   | Found the +27 Lear's hauberk
 77292 | Zig:13   | Entered Level 13 of a ziggurat
 77331 | Zig:13   | Got a vibrating steel ring
 77332 | Zig:13   | Identified the ring of Gozag's Generosity {*Corrode *Drain
                  | rElec rC+ SInv} (You found it on level 13 of a ziggurat)
 77336 | Zig:13   | Got a slimy silver ring
 77337 | Zig:13   | Identified the ring "Zudegial" {+Inv rElec Str-3 Dex+2
                  | Stlth+} (You found it on level 13 of a ziggurat)
 77353 | Zig:13   | Identified Ruehurgh's Tome of the Assistive Birds
 77359 | Zig:14   | Entered Level 14 of a ziggurat
 77413 | Zig:14   | Found the +5 robe of Misfortune {*Contam Harm *Corrode
                  | *Drain *Slow EV+5}
 77468 | Zig:14   | Got a bound iron amulet
 77469 | Zig:14   | Identified the amulet "Nithig" {*Slow +Rage Int+9} (You
                  | found it on level 14 of a ziggurat)
 77477 | Zig:14   | Got a warped bronze ring
 77478 | Zig:14   | Identified the ring of Reneh {+Fly Str+3} (You found it on
                  | level 14 of a ziggurat)
 77491 | Zig:15   | Entered Level 15 of a ziggurat
 77508 | Zig:15   | Reached skill level 1 in Ice Magic
 77541 | Zig:15   | Reached skill level 5 in Ice Magic
 77558 | Zig:16   | Entered Level 16 of a ziggurat
 77574 | Zig:16   | Noticed a juggernaut
 77574 | Zig:16   | Noticed a juggernaut
 77574 | Zig:16   | Noticed a juggernaut
 77577 | Zig:16   | Killed a juggernaut
 77577 | Zig:16   | Killed a juggernaut
 77579 | Zig:16   | Killed a juggernaut
 77684 | Zig:17   | Entered Level 17 of a ziggurat
 77691 | Zig:17   | Noticed an ancient lich
 77692 | Zig:17   | Noticed an ancient lich
 77696 | Zig:17   | Killed an ancient lich
 77698 | Zig:17   | Killed an ancient lich
 77698 | Zig:17   | Noticed an ancient lich
 77703 | Zig:17   | Killed an ancient lich
 77786 | Zig:17   | Got a faintly glowing brass amulet
 77787 | Zig:17   | Identified the amulet of Puizaele {Spirit rF+ Str+5} (You
                  | found it on level 17 of a ziggurat)
 77795 | Zig:17   | Identified the Guide on Helpful Attacks
 77815 | Zig:17   | Reached skill level 10 in Ice Magic
 77825 | Zig:18   | Entered Level 18 of a ziggurat
 78011 | Zig:19   | Entered Level 19 of a ziggurat
 78193 | Zig:19   | Got a smoking platinum ring
 78194 | Zig:19   | Identified the cursed ring "Viunecw" {rElec rF+ Str-2} (You
                  | found it on level 19 of a ziggurat)
 78205 | Zig:19   | Identified Sif Muna's Reference Book on Congealing
                  | Confrontation
 78208 | Zig:19   | Identified the Guide on Conjuration and the Birds
 78223 | Zig:20   | Entered Level 20 of a ziggurat
 78245 | Zig:20   | Identified the +7 large shield "Soel" {+Blink rElec Str-4
                  | Int-3}
 78622 | Zig:20   | Identified the Incunabulum of Congealing Creation
 78649 | Zig:21   | Entered Level 21 of a ziggurat
 78881 | Zig:21   | Found the +6 arbalest "Damnation" {damnation}
 78882 | Zig:21   | Found the +2 hat of the Bear Spirit {Spirit, +Rage rN+
                  | MR++}
 78958 | Zig:21   | Identified the Catalogue of Heat
 78964 | Zig:22   | Entered Level 22 of a ziggurat
 79076 | Zig:22   | Found the +8 demon blade "Leech" {vamp, rN+ AC-3 EV-3}
 79093 | Zig:22   | Identified the Volume of Flight
 79100 | Zig:22   | Identified the ring of the Louse {+Blink rElec MP-9 Stlth-}
                  | (You found it on level 22 of a ziggurat)
 79115 | Zig:22   | Identified the ring "Jupaatem" {Wiz rElec MP+9} (You found
                  | it on level 22 of a ziggurat)
 79126 | Zig:22   | Identified the ring of Untruth {*Tele *Drain +Blink rPois}
                  | (You found it on level 22 of a ziggurat)
 79322 | Zig:23   | Entered Level 23 of a ziggurat
 79334 | Zig:23   | Noticed a greater mummy
 79336 | Zig:23   | Noticed a greater mummy
 79339 | Zig:23   | Noticed a greater mummy
 79342 | Zig:23   | Killed a greater mummy
 79342 | Zig:23   | Killed a greater mummy
 79343 | Zig:23   | Killed a greater mummy
 79343 | Zig:23   | Reached skill level 15 in Ice Magic
 79343 | Zig:23   | Noticed a greater mummy
 79345 | Zig:23   | Noticed a greater mummy
 79346 | Zig:23   | Noticed a greater mummy
 79348 | Zig:23   | Noticed a greater mummy
 79353 | Zig:23   | Killed a greater mummy
 79355 | Zig:23   | Killed a greater mummy
 79356 | Zig:23   | Noticed a greater mummy
 79357 | Zig:23   | Noticed a greater mummy
 79357 | Zig:23   | Noticed a greater mummy
 79398 | Zig:23   | Killed a greater mummy
 79398 | Zig:23   | Killed a greater mummy
 79400 | Zig:23   | Killed a greater mummy
 79412 | Zig:23   | Killed a greater mummy
 79418 | Zig:23   | Noticed a greater mummy
 79418 | Zig:23   | Noticed a greater mummy
 79422 | Zig:23   | Killed a greater mummy
 79422 | Zig:23   | Noticed a greater mummy
 79423 | Zig:23   | Killed a greater mummy
 79423 | Zig:23   | Killed a greater mummy
 79423 | Zig:23   | Killed by a greater mummy's death curse

Levels and vault maps discovered:
D:1:      tarquinn_simple_flora_water_c, layout_rooms, kennysheep_pointless_box
D:2:      layout_basic
D:3:      layout_loops_cross, overflow_temple_1_default
D:4:      kennysheep_six_static_rooms, layout_basic, grunt_gozag_breadcrumbs,
          nicolae_overflow_crystal_walls, uniq_duvessa
D:5:      layout_loops_corners, first_ration, basic_altar, serial_shops, shop
D:6:      layout_loops_ring, marbit_many_paths,
          nemelex_xobeh_ov_fountains_minmay, minmay_temple_entry_overgrown,
          serial_shops, nicolae_shop_competitors_out_of_business,
          lightli_ossuary_entry_decrepit_ruins, grunt_decor_one_mirror,
          roderic_roman_lattice, hangedman_abyss_or_decor_stagger
D:7:      cheibrodos_wizards_tower, layout_loops_corners,
          chequers_temple_overflow_statue_of_worship, serial_shops,
          nicolae_shop_waterfront, nicolae_shop_temple_entry_statues_fountains,
          kennysheep_mini, nicolae_shop_statue_plus, shop
D:8:      layout_loops_cross, overflow_temple_1_default, uniq_maurice
D:9:      layout_irregular_city, erik_orc_2, serial_shops, shop,
          grunt_livestock, uniq_pikel
D:10:     layout_loops_ring, chequers_serial_rivers_micro_d
D:11:     layout_roguey, david_lair_generic, serial_shops,
          nicolae_shop_behind_doors
D:12:     layout_roguey, serial_shops, shop_fountains, basic_altar
D:13:     gammafunk_sealed_arena, layout_cave_pools, serial_shops,
          nicolae_shop_statue_plus, uniq_erolcha, uniq_azrael, uniq_jorgrun
D:14:     layout_basic, skrybe_vaults_entry_preservation,
          gauntlet_entry_generic, elyvilon_altar_3
D:15:     grunt_enter_depths_giant_problem, layout_basic,
          nicolae_ashenzari_panopticon, palyth_stone_intersect,
          minmay_fractal_squares_gapless_5
Temple:   minmay_temple_forest_path
Lair:1:   layout_gridlike, serial_rivers, chequers_serial_rivers_micro_a,
          chequers_serial_rivers_micro_e, chequers_serial_rivers_small_a,
          chequers_serial_rivers_large_b, chequers_serial_rivers_micro_c,
          minmay_lair_oklob_chamber
Lair:2:   layout_chaotic_city, nicolae_swamp_entry_splash_gauntlet,
          gammafunk_ghost_ooze, minmay_another_anthill
Lair:3:   layout_chaotic_city, minmay_snake_entry_guardpost_small, basic_altar,
          st_stairs_7, infiniplex_staircase_pool
Lair:4:   layout_gridlike, special_room [special_room_bee]
Lair:5:   dpeg_oklob_gauntlet, layout_cave_pods, dpeg_slime_entry_corner
Lair:6:   hangedman_lair_tendril_chambers, layout_hall_layers,
          lookout_lair_type, nicolae_quartered_pool_super,
          minmay_lair_oklob_items, st_stairs_12, serial_bayou_pond_b,
          lemuel_fruit_tree, serial_bayou_shore_b
Swamp:1:  layout_basic_swamp, portal_ice_cave_entry_pillars_2,
          evilmike_swamp_ruin_house_2, uniq_josephine
Swamp:2:  layout_basic_swamp, hangedman_swamp_ruin_wall, hangedman_swamp_cone,
          swamp_pool1, uniq_roxanne
Swamp:3:  layout_falls_marsh, evilmike_swamp_ruin_house_5
Swamp:4:  swamp_vile, layout_basic_swamp, infiniplex_staircase_pool_2, uniq_mara
Snake:1:  layout_layer_cave
Snake:2:  layout_chambers, grunt_megastairs_3, serial_bayou_shore_a, uniq_louise
Snake:3:  layout_cave_town, basic_altar, drop_trap, minmay_shop_grid_forest,
          st_stairs_1, uniq_donald
Snake:4:  snake_pit_salamanders_mu, layout_misc_corridors
Slime:1:  layout_caves
Slime:2:  layout_caves
Slime:3:  layout_caves
Slime:4:  layout_caves, cheibrodos_slime_lost_civilization_5, uniq_dissolution
Slime:5
Orc:1:    layout_caves, uniq_sonja
Orc:2:    st_orc_elflike, layout_diamond_mine, minmay_orc_temple_a
Elf:1:    layout_loops_cross, minmay_elf_demonology, minivault_19
Elf:2:    layout_onion_city, serial_shops, nicolae_shop_stone,
          nicolae_shop_crystal, nicolae_shop_waterfront, shop
Elf:3:    elf_hall, layout_gridlike, gammafunk_ghost_tricky_traps, serial_shops,
          nicolae_shop_crystal, hangedman_decor_cross_pass, uniq_saint_roka
Vaults:1: ontoclasm_vaults_misaligned, grunt_vaults_swirl, v_pattern_1,
          hangedman_vaults_corner_blocks, vaults_room_glass_cross,
          vaults_dpeg_cross, v_misc_28, vaults_mumra_minichess_inversion,
          nicolae_vaults_triangles, vaults_standard_mumra_enter_the_diamond,
          v_misc_15, vaults_dpeg_encased_lava, layout_vaults_big_cross,
          serial_shops, shop_fountains, shop, shop_fountains, basic_altar
Vaults:2: grunt_vaults_bifocal, minmay_crypt_entry_simple_round,
          nicolae_vaults_three_branches, nicolae_vaults_little_squares_3,
          vaults_room_door_ring, v_rooms_4, vaults_mumra_chevron,
          vaults_mumra_minichess, nicolae_vaults_border_crossing,
          ontoclasm_vaults_misaligned, nicolae_vaults_theta,
          nicolae_vaults_rhombus_5, layout_vaults_ring,
          infiniplex_enter_wizlab_spiral, serial_shops, shop,
          nicolae_shop_overgrown_old_shop, nicolae_shop_overgrown_old_shop,
          nicolae_shop_trees, shop, uniq_bai_suzhen, uniq_asterion
Vaults:3: nicolae_vaults_mini_display_case, nicolae_vaults_rhombus_5,
          nicolae_vaults_asterisk, vaults_mumra_lcd, ontoclasm_vaults_spin,
          vaults_dpeg_spiral, v_alt_pattern_1, v_misc_14, vaults_dpeg_hooks,
          ontoclasm_vaults_misaligned, ontoclasm_vaults_ring_square, v_misc_2,
          st_octagons_1, layout_vaults_maze_bifur,
          portal_desolation_entry_garden
Vaults:4: nicolae_vaults_network_square, vaults_dpeg_diagonal,
          hangedman_vaults_maws, ontoclasm_vaults_idyll, v_alt_pattern_4,
          nicolae_vaults_asterisk, hangedman_vaults_nails,
          layout_vaults_quadrants
Vaults:5: uniq_margery
Crypt:1:  layout_basic, grunt_crypt_arrival_guarded_gate, uniq_boris
Crypt:2:  layout_rooms
Crypt:3:  david_glass_crypt, layout_chaotic_city, tomb_entry_forgotten_bobbens,
          grunt_megastairs_1
Depths:1: layout_cave_shapes, kennysheep_crisscross, marbit_kobold_abyss_entry,
          grunt_mini_vestibule, hangedman_abyss_or_decor_stabs,
          nicolae_island_escapes, firewood_loft, minmay_shop_grove
Depths:2: nooodl_glass_maze, layout_cave_pools, hell_entry,
          kennysheep_cross_room, minmay_mirror_moons_of_madness,
          infiniplex_staircase_spiral
Depths:3: minmay_blocking_statues, layout_gridlike, rand_demon_pan_entry_5,
          pf_hell_entry_tar_river, kennysheep_flooded_box, st_stairs_1,
          xom_teletrap_fun
Depths:4: wander_protected_by_tso, layout_gridville, enter_ziggurat_e,
          hell_entry, abyss_entry, hangedman_decor_lopped, minmay_shoptagon,
          infiniplex_staircase_door_maze
Depths:5: grunt_zot_entry_tricorne, layout_cave_pools, hellmouth_1,
          serial_shops, shop
Zig:23

Skill      XL: |  1  2  3  4  5  6  7  8  9 10 11 12 13 14 15 16 17 18 19 20 21 22 23 24 25 26 27 |
---------------+----------------------------------------------------------------------------------+-----
Earth Magic    | 4 5 6 7 8 9 10 11 12 13 14 15 16 17 18 19 22 | 22.0
Conjurations   | 1 2 3 4 5 6 8 9 10 11 12 13 14 15 | 15.0
Spellcasting   | 3 4 5 6 7 8 9 10 11 13 14 15 16 17 21 | 21.1
Fighting       | 1 2 4 5 6 8 9 10 11 12 13 14 15 16 17 22 | 22.1
Maces & Flails | 1 2 3 4 6 7 8 9 10 11 12 13 14 15 16 | 16.0
Armour         | 1 2 4 5 6 |  6.0
Evocations     | 1 2 3 4 5 6 |  6.0
Dodging        | 2 3 4 5 6 7 8 9 10 11 12 13 14 18 | 18.0
Fire Magic     | 1 5 8 10 12 14 15 16 17 18 19 20 22 | 22.0
Polearms       | 3 5 7 12 | 12.0
Ice Magic      | 15 | 15.6
Stealth        | |  2.1
Transmutations | |  0.7

Action                   |  1- 3 |  4- 6 |  7- 9 | 10-12 | 13-15 | 16-18 | 19-21 | 22-24 | 25-27 || total
-------------------------+-------+-------+-------+-------+-------+-------+-------+-------+-------++-------
Melee: Unarmed           |    10 |       |       |       |       |       |       |       |       ||    10
       Whip              |    84 |   120 |       |       |       |       |       |       |       ||   204
       Short sword       |       |     9 |   256 |    68 |       |       |       |       |       ||   333
       Dire flail        |       |       |       |   350 |  1111 |  1091 |  1147 |   673 |   262 ||  4634
       Lance             |       |       |       |       |       |       |       |       |   333 ||   333
Throw: Throwing net      |       |       |       |       |       |     2 |       |       |       ||     2
       Stone             |       |       |       |       |       |       |       |       |     1 ||     1
 Cast: Sandblast         |    13 |    42 |    93 |   147 |    72 |    78 |    19 |       |       ||   464
       Stone Arrow       |       |     1 |     1 |     5 |     4 |     1 |       |     3 |       ||    15
       Lee's Rapid Decon |       |       |     6 |    70 |   108 |    82 |    43 |    15 |    17 ||   341
       Mephitic Cloud    |       |       |       |     2 |       |       |       |       |       ||     2
       Bolt of Draining  |       |       |       |       |    60 |    16 |       |     1 |       ||    77
       Bolt of Fire      |       |       |       |       |    21 |    91 |    16 |    20 |    68 ||   216
       Irradiate         |       |       |       |       |     8 |    30 |    15 |     1 |     1 ||    55
       Iron Shot         |       |       |       |       |     2 |    36 |    94 |    82 |   172 ||   386
       Ignition          |       |       |       |       |       |       |    46 |    42 |   126 ||   214
       Shatter           |       |       |       |       |       |       |       |    50 |   104 ||   154
       Fire Storm        |       |       |       |       |       |       |       |       |    31 ||    31
       Glaciate          |       |       |       |       |       |       |       |       |     2 ||     2
 Abil: Fly               |       |       |       |       |     1 |       |       |       |       ||     1
Evoke: Wand              |       |     2 |    10 |    11 |     8 |    15 |     1 |       |     2 ||    49
       Lightning rod     |       |       |       |       |       |     8 |       |       |       ||     8
  Use: Scroll            |     3 |     3 |     8 |    17 |    17 |    17 |    11 |    12 |    39 ||   127
       Potion            |       |     4 |     4 |     4 |     8 |     2 |     3 |    15 |    43 ||    83
 Stab: Sleeping          |     2 |     4 |     3 |     3 |     7 |     6 |    14 |     3 |     3 ||    45
       Distracted        |       |     1 |       |       |     1 |       |     1 |     1 |     3 ||     7
       Confused          |       |       |       |     2 |       |     1 |       |       |       ||     3
       Invisible         |       |       |       |     1 |       |       |       |       |       ||     1
  Eat: Chunk             |     1 |     7 |    17 |    45 |    93 |    79 |    69 |    49 |    93 ||   453
       Ration            |       |       |       |     1 |     1 |     6 |     2 |     3 |    13 ||    26
Armor: Robe              |    27 |    51 |   164 |   333 |   735 |   755 |   563 |   328 |   388 ||  3344
Dodge: Dodged            |    58 |   118 |   191 |   378 |  1030 |   936 |   704 |   464 |   680 ||  4559

Table legend:
 A = Non-vault XP
 B = Vault XP
 C = Vault XP percentage of total XP
 D = Non-vault monster count
 E = Vault monster count
 F = Vault count percentage of total count
                 A         B        C        D         E       F
            +---------+---------+-------+---------+---------+-------
      Total | 1444731 |  610787 |  29.7 |    2185 |     769 |  26.0
            +---------+---------+-------+---------+---------+-------
        D:1 |      30 |       0 |   0.0 |      16 |       0 |   0.0
        D:2 |      91 |       0 |   0.0 |      24 |       0 |   0.0
        D:3 |     105 |       0 |   0.0 |      15 |       0 |   0.0
        D:4 |     403 |     268 |  39.9 |      13 |       5 |  27.8
        D:5 |     641 |       0 |   0.0 |      23 |       0 |   0.0
        D:6 |    1087 |       0 |   0.0 |      20 |       0 |   0.0
        D:7 |    1147 |    1706 |  59.8 |      27 |       3 |  10.0
        D:8 |    1133 |     496 |  30.4 |      15 |       1 |   6.2
        D:9 |    1990 |    2178 |  52.3 |      19 |      26 |  57.8
       D:10 |    3488 |       0 |   0.0 |      31 |       0 |   0.0
       D:11 |    3476 |    1378 |  28.4 |      21 |       4 |  16.0
       D:12 |    7461 |       0 |   0.0 |      39 |       0 |   0.0
       D:13 |    7157 |    3956 |  35.6 |      32 |       2 |   5.9
       D:14 |    8069 |    3942 |  32.8 |      22 |       9 |  29.0
       D:15 |   12423 |    4905 |  28.3 |      37 |       7 |  15.9
     Lair:1 |    6113 |     942 |  13.4 |      29 |       3 |   9.4
     Lair:2 |    6072 |    3515 |  36.7 |      25 |      24 |  49.0
     Lair:3 |    4426 |     564 |  11.3 |      24 |       4 |  14.3
     Lair:4 |    2739 |    2430 |  47.0 |       9 |      24 |  72.7
     Lair:5 |   11026 |    1122 |   9.2 |      34 |       2 |   5.6
     Lair:6 |   14579 |   12848 |  46.8 |      35 |      41 |  53.9
    Swamp:1 |   11204 |    1916 |  14.6 |      28 |       5 |  15.2
    Swamp:2 |   15049 |    2073 |  12.1 |      40 |       1 |   2.4
    Swamp:3 |   28087 |       0 |   0.0 |      41 |       0 |   0.0
    Swamp:4 |   11693 |   29316 |  71.5 |      26 |      32 |  55.2
    Snake:1 |    7517 |       0 |   0.0 |      16 |       0 |   0.0
    Snake:2 |   14801 |    4265 |  22.4 |      26 |       5 |  16.1
    Snake:3 |   20422 |    3430 |  14.4 |      36 |       3 |   7.7
    Snake:4 |    6494 |   44294 |  87.2 |      15 |      61 |  80.3
    Slime:1 |    6596 |       0 |   0.0 |       8 |       0 |   0.0
    Slime:2 |    4875 |       0 |   0.0 |      10 |       0 |   0.0
    Slime:3 |   11841 |       0 |   0.0 |      19 |       0 |   0.0
    Slime:4 |   11110 |   13778 |  55.4 |      14 |       1 |   6.7
    Slime:5 |    6669 |   31799 |  82.7 |      17 |      14 |  45.2
      Orc:1 |    3710 |     820 |  18.1 |      37 |       1 |   2.6
      Orc:2 |    1687 |    8463 |  83.4 |      40 |      32 |  44.4
      Elf:1 |   23236 |    6919 |  22.9 |      35 |      11 |  23.9
      Elf:2 |   22478 |    3183 |  12.4 |      40 |       5 |  11.1
      Elf:3 |    8391 |   52969 |  86.3 |      15 |      52 |  77.6
   Vaults:1 |   23788 |   17705 |  42.7 |      39 |      35 |  47.3
   Vaults:2 |   16264 |   29569 |  64.5 |      35 |      23 |  39.7
   Vaults:3 |   37299 |   13577 |  26.7 |      60 |      20 |  25.0
   Vaults:4 |   47174 |   12923 |  21.5 |      73 |      13 |  15.1
   Vaults:5 |   29056 |  129456 |  81.7 |      35 |      86 |  71.1
    Crypt:1 |   34412 |    6123 |  15.1 |      56 |       1 |   1.8
    Crypt:2 |   33794 |       0 |   0.0 |      40 |       0 |   0.0
    Crypt:3 |   28364 |   32259 |  53.2 |      33 |      16 |  32.7
   Depths:1 |   19032 |    2712 |  12.5 |      33 |       8 |  19.5
   Depths:2 |   28243 |   14978 |  34.7 |      32 |      13 |  28.9
   Depths:3 |   32595 |   22637 |  41.0 |      35 |      25 |  41.7
   Depths:4 |   38311 |    1792 |   4.5 |      33 |       1 |   2.9
   Depths:5 |   41533 |   22543 |  35.2 |      34 |      18 |  34.6
      Zig:1 |     876 |       0 |   0.0 |       1 |       0 |   0.0
      Zig:2 |    2502 |       0 |   0.0 |       2 |       0 |   0.0
      Zig:3 |    9354 |       0 |   0.0 |       3 |       0 |   0.0
      Zig:4 |    6658 |       0 |   0.0 |       7 |       0 |   0.0
      Zig:5 |    6265 |       0 |   0.0 |       5 |       0 |   0.0
      Zig:6 |    7102 |       0 |   0.0 |       9 |       0 |   0.0
      Zig:7 |    7406 |       0 |   0.0 |       9 |       0 |   0.0
      Zig:8 |    7978 |       0 |   0.0 |      17 |       0 |   0.0
      Zig:9 |   10593 |    2450 |  18.8 |      21 |       4 |  16.0
     Zig:10 |    9906 |       0 |   0.0 |      17 |       0 |   0.0
     Zig:11 |   13893 |       0 |   0.0 |      26 |       0 |   0.0
     Zig:12 |   22231 |       0 |   0.0 |      33 |       0 |   0.0
     Zig:13 |   25468 |       0 |   0.0 |      30 |       0 |   0.0
     Zig:14 |   37336 |       0 |   0.0 |      25 |       0 |   0.0
     Zig:15 |   30416 |       0 |   0.0 |      28 |       0 |   0.0
     Zig:16 |   62468 |       0 |   0.0 |      24 |       0 |   0.0
     Zig:17 |   61405 |       0 |   0.0 |      31 |       0 |   0.0
     Zig:18 |   46416 |    2429 |   5.0 |      46 |       4 |   8.0
     Zig:19 |   65245 |       0 |   0.0 |      41 |       0 |   0.0
     Zig:20 |   66661 |       0 |   0.0 |      42 |       0 |   0.0
     Zig:21 |   63915 |       0 |   0.0 |      52 |       0 |   0.0
     Zig:22 |   50567 |       0 |   0.0 |      98 |       0 |   0.0
     Zig:23 |   96901 |       0 |   0.0 |      73 |       0 |   0.0
    Ossuary |       0 |     180 | 100.0 |       0 |      16 | 100.0
      IceCv |       0 |    8095 | 100.0 |       0 |      22 | 100.0
     WizLab |   13788 |    5286 |  27.7 |      34 |       5 |  12.8
 Desolation |       0 |   39419 | 100.0 |       0 |      69 | 100.0
   Gauntlet |       0 |    3179 | 100.0 |       0 |      12 | 100.0
            +---------+---------+-------+---------+---------+-------
